 Dungeon Crawl Stone Soup version 0.28-a0-8-g6e044cfa68 (webtiles) character file.

Game seed: 1199195926748019630

440 flyleaff the Chiller (level 6, -7/45 HPs)
             Began as a Draconian Ice Elementalist on July 24, 2021.
             Was a Believer of the Shining One.
             Mangled by Edmund (8 damage)
             ... on level 3 of the Dungeon.
             The game lasted 00:10:05 (3013 turns).

flyleaff the Chiller (Draconian Ice Elementalist)   Turns: 3013, Time: 00:10:05

Health: -7/45      AC:  7    Str: 10    XL:     6   Next: 70%
Magic:  7/12       EV: 12    Int: 18    God:    the Shining One [**....]
Gold:   135        SH: 16    Dex: 11    Spells: 6/13 levels left

rFire   + . .      SeeInvis .   h - +2 spear (freeze)
rCold   . . .      Faith    .   b - +1 buckler {reflect}
rNeg    + . .      Spirit   .   (armour unavailable)
rPois   .          Reflect  +   (helmet restricted)
rElec   .          Harm     .   f - +0 cloak
rCorr   .          Rampage  .   (no gloves)
Will    .....                   (no boots)
Stlth   +.........              k - amulet of reflection
HPRegen 0.15/turn               g - ring of protection from fire
MPRegen 0.13/turn               (no ring)

@: divinely shielded, freezing walls, glowing
A: AC +6, unfitting armour, cold-blooded
a: Renounce Religion, Divine Shield


You were on level 3 of the Dungeon.
You worshipped the Shining One.
The Shining One was pleased with you.
You visited 1 branch of the dungeon, and saw 4 of its levels.

You collected 135 gold pieces.

Inventory:

Hand Weapons
 d - a +6 whip
 h - a +2 spear of freezing (weapon)
 j - a +1 falchion of protection
Missiles
 c - 5 poisoned darts (quivered)
 e - 2 curare-tipped darts
Armour
 b - a +1 buckler of reflection (worn)
 f - a +0 cloak (worn)
Jewellery
 g - a ring of protection from fire (left hand)
 k - an amulet of reflection (around neck)
Wands
 a - a wand of digging (3)
Scrolls
 i - 3 scrolls of identify


   Skills:
 + Level 3.0 Dodging
 - Level 1.7 Stealth
 - Level 4.0 Shields
 * Level 4.0 Spellcasting
 + Level 4.8 Ice Magic


You had 6 spell levels left.
You knew the following spells:

 Your Spells              Type           Power      Damage    Failure   Level
a - Freeze                Ice            84%        1d10      1%          1
b - Frozen Ramparts       Ice            42%        1d6       6%          3
c - Ozocubu's Armour      Ice            21%        N/A       6%          3

Your spell library contained the following spells:

 Spells                   Type           Power      Damage    Failure   Level
 Apportation              Tloc           6%         N/A       14%         1
 Sting                    Tmut/Pois      12%        1d3       14%         1
 Poisonous Vapours        Pois/Air       6%         N/A       22%         2
 Hailstorm                Conj/Ice       12%        3d5       47%         4
 Olgreb's Toxic Radiance  Pois           3%         N/A       82%         4
 Alistair's Intoxication  Tmut/Pois      2%         N/A       99%         5
 Invisibility             Hex            1%         N/A       100%        6


Dungeon Overview and Level Annotations

Branches:
Dungeon (4/15)
 Temple: D:4-7

Altars:
The Shining One

Annotations:
D:3 Edmund


Innate Abilities, Weirdness & Mutations

Your plain brown scales are hard. (AC +6)
You cannot fit into any form of body armour.
You are cold-blooded and may be slowed by cold attacks.


Message History

Unknown command.
Unknown command.
You hit Edmund but do no damage.
Edmund is lightly wounded.
The wall freezes Edmund.
Edmund closely misses you.
The wall freezes the hobgoblin.
Unknown command.
Unknown command.
Unknown command.
Unknown command.
Unknown command.
You hit Edmund but do no damage.
Your tail-slap misses Edmund.
Edmund is lightly wounded.
The wall freezes Edmund.
Edmund barely misses you.
The wall freezes the hobgoblin.
You kill the hobgoblin!
Unknown command.
Unknown command.
Unknown command.
Unknown command.
You hit Edmund but do no damage.
Your tail-slap misses Edmund.
Edmund is lightly wounded.
The wall freezes Edmund.
Edmund hits you with a +0 dire flail of protection!
* * * LOW HITPOINT WARNING * * *
Unknown command.
Unknown command.
Unknown command.
Unknown command.
Okay, then.
Okay, then.
You fail to use your ability.
The wall freezes Edmund.
You block Edmund's attack.
Your shield is strengthened by the Shining One's divine power.
The wall freezes Edmund.
Edmund completely misses you.
You hit Edmund. You freeze Edmund.
Edmund is heavily wounded.
The wall freezes Edmund.
Edmund hits you with a +0 dire flail of protection!
You die...

...[.........#####.######.# ###
.###########.......# #.# # .#
#...##############.# # .# #.<.##
#.....#.# .# #....# #.###.#.# .#
###...## #.# #.#.#
.######.#....## #.# #.#.#
.##.....##....#####.###.#.#
.#...##..#.♣..[@@.....>...#
......#.##....#####.###...#######
........#....######.# #..........
#.....###...##......# #....<....>
##...###....#.####### ##.########
##.## #.>.#### #......... #.#
#...#.# ########## #.########.#
#..........#


You could see Edmund.

Vanquished Creatures
  Grinder (D:3)
  A phantom (D:3)
  A jelly (D:3)
  Crazy Yiuf (D:3)
  An iguana (D:3)
  Robin (D:2)
  3 adders
  2 worms
  An orc (D:3)
  3 endoplasms
  2 giant cockroaches
  12 goblins
  6 hobgoblins
  2 quokkas
  6 ball pythons
  4 bats
  A frilled lizard (D:2)
  2 kobolds
  A rat (D:1)
51 creatures vanquished.

Notes
Turn   | Place    | Note
-------+----------+-------------------------------------------
     0 | D:1      | flyleaff the Draconian Ice Elementalist began the quest for
                  | the Orb.
     0 | D:1      | Reached XP level 1. HP: 14/14 MP: 3/3
   148 | D:1      | Reached skill level 1 in Shields
   427 | D:1      | Reached XP level 2. HP: 20/20 MP: 5/5
   482 | D:1      | Found a faded altar of an unknown god.
   654 | D:1      | Became a worshipper of the Shining One
   654 | D:1      | Reached * piety under the Shining One
  1020 | D:2      | Reached XP level 3. HP: 15/26 MP: 6/6
  1378 | D:2      | Noticed Robin
  1430 | D:2      | Killed Robin
  1729 | D:3      | Reached XP level 4. HP: 28/33 MP: 7/7
  1788 | D:3      | Learned a level 3 spell: Frozen Ramparts
  1792 | D:3      | Learned a level 3 spell: Ozocubu's Armour
  2017 | D:3      | Noticed Grinder
  2017 | D:3      | Paralysed by Grinder for 2 turns
  2057 | D:3      | Paralysed by Grinder for 6 turns
  2075 | D:3      | Killed Grinder
  2076 | D:3      | Reached XP level 5. HP: 36/38 MP: 5/10
  2076 | D:3      | Reached XP level 6. HP: 43/45 MP: 5/11
  2593 | D:3      | Found a runed translucent door.
  2596 | D:3      | Noticed Crazy Yiuf
  2609 | D:3      | Killed Crazy Yiuf
  2942 | D:4      | Reached ** piety under the Shining One
  2988 | D:4      | Noticed Edmund
  3010 | D:3      | HP: 1/45 [Edmund (8)]
  3013 | D:3      | Mangled by Edmund

Illustrated notes

Levels and vault maps discovered:
D:1:      dpeg_arrival_concentric_ovals, layout_basic,
          shapermc_ecumenical_altar_mp_vishouse
D:2:      layout_loops_cross, uniq_robin
D:3:      layout_loops_ring, st_stairs_4, hex_large, grunt_ministairs_12,
          dk_noncrumbling_3, uniq_grinder, uniq_crazy_yiuf_cottage
D:4:      layout_rooms, uniq_edmund

Skill      XL: |  1  2  3  4  5  6 |
---------------+-------------------+-----
Shields        | 1 2 4 |  4.0
Dodging        | 2 3 |  3.0
Spellcasting   | 3 4 |  4.0
Stealth        | |  1.7
Ice Magic      | |  4.8

Action                   |  1- 3 |  4- 6 || total
-------------------------+-------+-------++-------
Melee: Dagger            |     8 |       ||     8
       Whip              |    23 |       ||    23
       Tailslap          |     7 |     4 ||    11
       Spear             |    31 |   107 ||   138
Throw: Dart              |    11 |       ||    11
 Cast: Frozen Ramparts   |       |     2 ||     2
Invok: Divine Shield     |       |     1 ||     1
  Use: Scroll            |     4 |     1 ||     5
       Potion            |     1 |     2 ||     3
Armor: Skin              |    19 |    29 ||    48
Dodge: Dodged            |    26 |    32 ||    58
Block: Buckler           |    11 |    29 ||    40

Table legend: (Time is in decaauts)
 A = Elapsed time spent in this place.
 B = Non-inter-level travel time spent in this place.
 C = Inter-level travel time spent in this place.
 D = Time resting spent in this place.
 E = Time spent auto-exploring this place.
 F = Levels seen in this place.
 G = Mean time per level.
                   A        B        C        D        E       F      G
               +--------+--------+--------+--------+--------+-----+--------+
         Total |   3029 |   2837 |    192 |      0 |   2359 |   4 |  757.2 |
       Dungeon |   3029 |   2837 |    192 |      0 |   2359 |   4 |  757.2 |
               +--------+--------+--------+--------+--------+-----+--------+

Top non-repeatable levels by time:
     D:3: 1277 daAuts
     D:2: 1031 daAuts
     D:1: 697 daAuts
     D:4: 23 daAuts
